 Dungeon Crawl Stone Soup version 0.32-a0-918-g0f22ef8d61 (webtiles) character file.

Game seed: 2085439236070584282

222 javelincjr the Shooter (level 6, -11/48 HPs)
             Began as a Formicid Hunter on Apr 10, 2024.
             Was a Follower of Okawaru.
             Mangled by Crazy Yiuf
             ... wielding a +2 quarterstaff of chaos
              (13 damage)
             ... on level 3 of the Dungeon.
             The game lasted 00:09:00 (2036 turns).

javelincjr the Shooter (Formicid Hunter)            Turns: 2036, Time: 00:09:01

Health: -11/48     AC:  5    Str: 15    XL:     6   Next: 19%
Magic:  15/15      EV: 11    Int:  9    God:    Okawaru [*.....]
Gold:   130        SH:  0    Dex: 19    Spells: 5/5 levels left

rFire   . . .        b - +0 hand axe (venom)
rCold   . . .        (no shield)
rNeg    + . .        c - +0 leather armour
rPois   .            (helmet unavailable)
rElec   .            l - +0 cloak
rCorr   .            d - +0 pair of gloves
SInv    +            (no boots)
Will    .....        (no amulet)
Stlth   ++           m - ring of magical power
HPRegen 0.28/turn    q - ring of positive energy
MPRegen 0.14/turn

%: no passive effects
@: weak-willed
A: permanent stasis, dig shafts and tunnels, antennae 3, four strong arms
a: Dig, Shaft Self, Renounce Religion, Heroism


You were on level 3 of the Dungeon.
You worshipped Okawaru.
Okawaru was aware of your devotion.
You visited 1 branch of the dungeon, and saw 3 of its levels.

You collected 130 gold pieces.

Inventory:

Hand Weapons
 a - a +0 shortbow of draining
 b - a +0 hand axe of venom (weapon)
 i - a +1 short sword of draining
Armour
 c - a +0 leather armour (worn)
 d - a +0 pair of gloves (worn)
 l - a +0 cloak (worn)
Jewellery
 m - a ring of magical power (left hand)
 q - a ring of positive energy (right hand)
Scrolls
 f - a scroll of enchant armour {unknown}
 g - a scroll of vulnerability {unknown}
 n - a scroll of summoning {unknown}
 o - 2 scrolls of immolation
 p - a scroll of identify
Potions
 e - a potion of lignification
 k - a potion of mutation {unknown}


   Skills:
 * Level 4.0 Fighting
 * Level 5.0 Ranged Weapons
 + Level 1.8 Armour
 + Level 2.5 Dodging
 + Level 3.0 Stealth


You had 5 spell levels left.
You didn't know any spells.
Your spell library contained the following spells:

 Spells                   Type           Power      Damage    Failure   Level
 Sting                    Conj/Alch      0%         1d3       45%         1
 Mercury Vapours          Alch/Air       0%         N/A       58%         2
 Olgreb's Toxic Radiance  Alch           0%         N/A       99%         4


Dungeon Overview and Level Annotations

Branches:
Dungeon (3/15)

Altars:
Okawaru

Annotations:
D:3 Crazy Yiuf


Innate Abilities, Weirdness & Mutations

You cannot be hasted, slowed, berserked, paralysed or teleported.
You can dig through walls and to a lower floor.
You have a pair of large antennae on your head. (SInv)
Your four strong arms can wield two-handed weapons with a shield.


Message History

b - a +0 hand axe of venom (weapon)
Crazy Yiuf cries, "You leg down broken song, no?"
Crazy Yiuf attacks as he pursues you!
Crazy Yiuf hits you with a +2 quarterstaff of chaos.
You bump into the tree.
Crazy Yiuf hits you with a +2 quarterstaff of chaos!
You hit Crazy Yiuf but do no damage.
Crazy Yiuf hits you with a +2 quarterstaff of chaos.
Crazy Yiuf burns you.
Crazy Yiuf hits you with a +2 quarterstaff of chaos.
You are poisoned.
You bump into the tree.
You feel very sick. Crazy Yiuf completely misses you.
You bump into the tree.
You feel less confused.
You feel very sick. Crazy Yiuf barely misses you.
You hit Crazy Yiuf.
Crazy Yiuf is poisoned.
Crazy Yiuf is moderately wounded.
You feel sick.
Crazy Yiuf hits you with a +2 quarterstaff of chaos.
* * * LOW HITPOINT WARNING * * *
Your willpower is stripped away!
It was a potion of curing.
You feel better.
Crazy Yiuf hits you with a +2 quarterstaff of chaos!
* * * LOW HITPOINT WARNING * * *
It was a potion of heal wounds.
You feel much better.
Crazy Yiuf hits you with a +2 quarterstaff of chaos.
You barely miss Crazy Yiuf.
Crazy Yiuf is heavily wounded.
Crazy Yiuf hits you with a +2 quarterstaff of chaos!
* * * LOW HITPOINT WARNING * * *
Your stasis prevents you from being hasted.
You hit Crazy Yiuf.
Crazy Yiuf looks even sicker.
Crazy Yiuf is almost dead.
Crazy Yiuf hits you with a +2 quarterstaff of chaos!
* * * LOW HITPOINT WARNING * * *
You are electrocuted!
You die...

#.. #######.. #.....#..
#.....#.( #.....#.. ####♣♣
### #.....#.. ##.#..♣♣
♣♣#..)# #......##
#......♣♣♣♣g'...#
#'##.....
#.....♣.♣.@♣#...#
#.##..... #..#..)♣.♣♣♣ ###
#.##..... ##.##♣♣♣♣♣
###.....# #.# #......##
#.# ###########.###.. #.#
#.....##)........ #.#
#.....##........# #.##
###..........<..#
#..##############........#


You could see Crazy Yiuf (very poisoned).

Vanquished Creatures
  Natasha (thrice) (D:2)
  An orc wizard (D:2)
  Robin (D:2)
  2 adders (D:3)
  A dart slug (D:2)
  2 ribbon worms (D:3)
  4 orcs (D:2)
  7 ball pythons
  6 endoplasms
  3 giant cockroaches (D:1)
  11 goblins
  8 hobgoblins
  6 jackals
  2 quokkas (D:1)
  6 bats
  4 frilled lizards (D:1)
  6 kobolds
  4 rats
77 creatures vanquished.

Notes
Turn   | Place    | Note
-------+----------+-------------------------------------------
     0 | D:1      | javelincjr the Formicid Hunter began the quest for the Orb.
     0 | D:1      | Reached XP level 1. HP: 16/16 MP: 1/1
     2 | D:1      | Noticed an elf
     4 | D:1      | Noticed an oni
     6 | D:1      | Noticed a formicid
     6 | D:1      | Noticed a ghoul
     8 | D:1      | Noticed a spriggan
     8 | D:1      | Noticed a dwarf
    10 | D:1      | Noticed a troll
    10 | D:1      | Noticed a demigod
    12 | D:1      | Noticed a demonspawn
    12 | D:1      | Noticed a minotaur
    14 | D:1      | Noticed a djinni
    14 | D:1      | Noticed a tengu
    16 | D:1      | Noticed a vine stalker
    18 | D:1      | Noticed an octopode
    18 | D:1      | Noticed a human
    20 | D:1      | Noticed a vampire
    20 | D:1      | Noticed a naga
    22 | D:1      | Noticed a barachi
    24 | D:1      | Noticed an armataur
    24 | D:1      | Noticed a gargoyle
    26 | D:1      | Noticed a merfolk
    26 | D:1      | Noticed a felid
    28 | D:1      | Noticed a draconian
    72 | D:1      | Reached XP level 2. HP: 23/23 MP: 2/2
   378 | D:1      | Reached XP level 3. HP: 28/28 MP: 3/3
   659 | D:2      | Identified the +2 helmet of the Nice God {Dex+3}
   659 | D:2      | Noticed Robin
   731 | D:2      | Reached XP level 4. HP: 22/35 MP: 4/4
   812 | D:2      | Killed Robin
   813 | D:2      | Reached skill level 1 in Armour
   918 | D:2      | Reached XP level 5. HP: 40/41 MP: 5/5
   950 | D:2      | Noticed Natasha
   953 | D:2      | Killed Natasha
  1054 | D:2      | Noticed Natasha
  1063 | D:2      | Killed Natasha
  1261 | D:2      | Found a faded altar of an unknown god.
  1280 | D:2      | Prayed at the altar of an unknown god.
  1280 | D:2      | Became a worshipper of Warmaster Okawaru
  1280 | D:2      | Reached * piety under Okawaru
  1464 | D:2      | Noticed Natasha
  1471 | D:2      | Killed Natasha
  1472 | D:2      | Reached XP level 6. HP: 29/48 MP: 6/6
  1886 | D:3      | Reached skill level 5 in Ranged Weapons
  2014 | D:3      | Found a runed translucent door.
  2015 | D:3      | Noticed Crazy Yiuf
  2033 | D:3      | HP: 2/48 [Crazy Yiuf/+2 quarterstaff of chaos (10)]
  2036 | D:3      | Mangled by Crazy Yiuf

Illustrated notes

Levels and vault maps discovered:
D:1:      kb_arrival_jail, layout_basic, amcnicky_mini_corridor_feature
D:2:      layout_loops_ring, hellmonk_ecumenical_altar_inner_sanctum,
          uniq_robin, uniq_natasha
D:3:      layout_basic, uniq_crazy_yiuf_cottage

Skill      XL: |  1  2  3  4  5  6 |
---------------+-------------------+-----
Dodging        | 2 |  2.5
Stealth        | 2 3 |  3.0
Fighting       | 3 4 |  4.0
Armour         | 1 |  1.8
Ranged Weapons | 5 |  5.0

Action                     |  1- 3 |  4- 6 || total
---------------------------+-------+-------++-------
  Melee: Hand axe          |    21 |     4 ||    25
   Fire: Shortbow          |    69 |   106 ||   175
Ability: Dig               |     1 |       ||     1
    Use: Scroll            |     1 |     4 ||     5
         Potion            |       |     2 ||     2
   Stab: Sleeping          |     1 |       ||     1
 Armour: Leather armour    |    33 |    23 ||    56
  Dodge: Dodged            |    31 |    22 ||    53

Table legend: (Time is in decaauts)
 A = Elapsed time spent in this place.
 B = Non-inter-level travel time spent in this place.
 C = Inter-level travel time spent in this place.
 D = Time resting spent in this place.
 E = Time spent auto-exploring this place.
 F = Levels seen in this place.
 G = Mean time per level.
                   A        B        C        D        E       F      G
               +--------+--------+--------+--------+--------+-----+--------+
         Total |   2073 |   2014 |     59 |     39 |   1450 |   3 |  691.0 |
       Dungeon |   2073 |   2014 |     59 |     39 |   1450 |   3 |  691.0 |
               +--------+--------+--------+--------+--------+-----+--------+

Top non-repeatable levels by time:
     D:2: 875 daAuts
     D:1: 634 daAuts
     D:3: 563 daAuts
